 Dungeon Crawl Stone Soup version 0.31-a0-848-gaac375c287 (webtiles) character file.

Game seed: 15388592189280992309

9 Kurtz the Sneak (level 2, -3/24 HPs)
             Began as a Mummy Delver on Oct 4, 2023.
             Was an Initiate of Gozag.
             Slain by a scorpion (7 damage)
             ... on level 6 of the Dungeon.
             The game lasted 00:01:07 (481 turns).

Kurtz the Sneak (Mummy Delver)                       Turns: 481, Time: 00:01:07

Health: -3/24      AC:  4    Str: 15    XL:     2   Next: 6%
Magic:  2/2        EV: 11    Int:  9    God:    Gozag
Gold:   46         SH:  0    Dex: 13    Spells: 1/1 levels left

rFire   x . .        a - +0 hand axe
rCold   + . .        (no shield)
rNeg    + + +        b - +0 leather armour
rPois   ∞            g - +0 helmet
rElec   .            (no cloak)
rCorr   .            (no gloves)
SInv    .            (no boots)
Will    .....        (no amulet)
Stlth   ++           (no ring)
HPRegen 0.24/turn    (no ring)
MPRegen 0.08/turn

%: faith
@: no status effects
A: cold resistance 1, negative energy resistance 3, torment resistance 2, heat
vulnerability 1, in touch with death 1, no potions, faith
a: Renounce Religion, Potion Petition, Call Merchant, Bribe Branch


You were on level 6 of the Dungeon.
You worshipped Gozag.
Gozag was noncommittal.
You visited 2 branches of the dungeon, and saw 5 of its levels.

You collected 53 gold pieces.
You paid 7 gold pieces to Gozag.

Inventory:

Hand Weapons
 a - a +0 hand axe (weapon)
Armour
 b - a +0 leather armour (worn)
 g - a +0 helmet (worn)
Wands
 f - a wand of digging (3)
Scrolls
 c - a scroll of fog
 d - a scroll of revelation
 e - a scroll of fear


   Skills:
 - Level 3.0 Fighting
 * Level 2.3 Axes
 * Level 1.5 Dodging
 - Level 4.1 Stealth


You had one spell level left.
You didn't know any spells.
Your spell library was empty.

Dungeon Overview and Level Annotations

Branches:
Dungeon (6/15)             Temple (1/1) D:5

Altars:
Ashenzari
Cheibriados
Dithmenos
Gozag
Kikubaaqudgha
Makhleb
Nemelex Xobeh
Okawaru
Qazlal
Sif Muna
Trog
Uskayaw
Vehumet
Xom
Yredelemnul

Annotations:
D:5 Blork the orc


Innate Abilities, Weirdness & Mutations

You are immune to poison.
Your flesh is cold resistant. (rC+)
You are immune to negative energy. (rN+++)
You are immune to unholy pain and torment.
You are vulnerable to heat. (rF-)
You are in touch with the powers of death.
You do not drink.
You have a special connection with the divine. (Faith)


Message History

Blork the orc comes into view.
He is wielding a +1 glaive of venom.
Found a robe.
Blork the orc shouts!
Found an escape hatch in the floor.
There is an escape hatch in the floor here.
The scorpion barely misses you.
You slide downwards.
The hatch slams shut behind you.
Found 18 gold pieces.
Found a stone staircase leading up.
Found a morningstar.
The scorpion stings you. The scorpion stings you.
The scorpion barely misses you.
There is a stone staircase leading up here.
You hit the scorpion.
The scorpion is lightly wounded.
The scorpion stings you.
You completely miss the scorpion.
The scorpion is lightly wounded.
The scorpion misses you. The scorpion stings you.
You hit the scorpion but do no damage.
The scorpion is lightly wounded.
The scorpion stings you.
You are too injured to fight recklessly!
You are too injured to fight recklessly!
You are too injured to fight recklessly!
You barely miss the scorpion.
The scorpion is lightly wounded.
The scorpion stings you but does no damage.
You hit the scorpion.
The scorpion is moderately wounded.
The scorpion stings you!
* * * LOW HITPOINT WARNING * * *
The scorpion stings you but does no damage.
You closely miss the scorpion.
The scorpion is moderately wounded.
The scorpion barely misses you.
You hit the scorpion.
The scorpion is heavily wounded.
The scorpion stings you!
You die...
Your body crumbles into a pile of gold.

#. . ##. .##
#.. ... ##..
#.# ## #...##
#.# #..#
#...###.##.....
#..$...........
#.....s@.......
####.##.##...#.
#)###... ...
#.# ##### # #.#
##


You could see a scorpion.

Vanquished Creatures
  An ufetubus (D:4)
  2 endoplasms (D:4)
  2 kobolds (D:4)
5 creatures vanquished.

Notes
Turn   | Place    | Note
-------+----------+-------------------------------------------
     0 | D:5      | Kurtz the Mummy Delver began the quest for the Orb.
     0 | D:5      | Reached XP level 1. HP: 18/18 MP: 1/1
    64 | D:5      | Found a staircase to the Ecumenical Temple.
    96 | D:5      | Noticed a kobold brigand
    98 | Temple   | Entered the Ecumenical Temple
   108 | Temple   | Became a worshipper of Gozag Ym Sagoz the Greedy
   196 | D:3      | Found a stormy altar of Qazlal.
   196 | D:3      | Found a shimmering blue altar of Sif Muna.
   321 | D:4      | Reached XP level 2. HP: 6/24 MP: 2/2
   406 | D:4      | Noticed a wight
   457 | D:5      | Noticed a scorpion
   457 | D:5      | Noticed a scorpion
   459 | D:5      | Noticed Blork the orc
   481 | D:6      | Slain by a scorpion

Illustrated notes

Levels and vault maps discovered:
D:3:      layout_loops_corners, nicolae_overflow_hidden_temple,
          marbit_many_paths, ebering_ghost_reflecting_pool,
          roderic_st_hans_cross, minmay_misc_feat_cross, uniq_ijyb
D:4:      layout_loops_ring, lemuel_round_altar, serial_rivers,
          chequers_serial_rivers_micro_a, chequers_serial_rivers_small_a,
          chequers_serial_rivers_marsh, chequers_serial_rivers_small_b,
          uniq_duvessa
D:5:      layout_loops_corners, beargit_hepliaklqana_dungeon_heroes,
          fedhas_altar_decomposition, minmay_temple_entry_large_hall,
          guppyfry_shop_venom, uniq_blork_the_orc, uniq_pikel
D:6:      layout_loops_corners, serial_shops, shop, serial_bayou_pond_d,
          uniq_crazy_yiuf_cottage, uniq_edmund
Temple:   nicolae_temple_two_arcs

Skill      XL: |  1 |
---------------+----+-----
Axes           | 2 |  2.3
Fighting       | |  3.0
Dodging        | |  1.5
Stealth        | |  4.1

Action                     || total
---------------------------++-------
  Melee: Hand axe          ||    24
   Stab: Sleeping          ||     2
 Armour: Leather armour    ||    29
  Dodge: Dodged            ||    28

Table legend: (Time is in decaauts)
 A = Elapsed time spent in this place.
 B = Non-inter-level travel time spent in this place.
 C = Inter-level travel time spent in this place.
 D = Time resting spent in this place.
 E = Time spent auto-exploring this place.
 F = Levels seen in this place.
 G = Mean time per level.
                   A        B        C        D        E       F      G
               +--------+--------+--------+--------+--------+-----+--------+
         Total |    485 |    457 |     28 |     77 |    198 |   5 |   97.0 |
       Dungeon |    464 |    446 |     18 |     77 |    198 |   4 |  116.0 |
        Temple |     20 |     10 |     10 |      0 |      0 |   1 |   20.0 |
               +--------+--------+--------+--------+--------+-----+--------+

Top non-repeatable levels by time:
     D:4: 310 daAuts
     D:5: 132 daAuts
  Temple: 20 daAuts
     D:6: 11 daAuts
     D:3: 9 daAuts
